 Dungeon Crawl Stone Soup version 0.27.1-33-g824d729ab1 (webtiles) character file.

Game seed: 6127619018268745531

1033 H0rd4k the Cutter (level 8, -5/58 HPs)
             Began as a Human Artificer on Nov 25, 2021.
             Was an Initiate of Gozag.
             Slain by a wyvern zombie (13 damage)
             ... on level 6 of the Dungeon.
             The game lasted 00:10:35 (8051 turns).

H0rd4k the Cutter (Human Artificer)                 Turns: 8051, Time: 00:10:36

Health: -5/58      AC:  6    Str: 13    XL:     8   Next: 48%
Magic:  8/8        EV: 13    Int: 12    God:    Gozag
Gold:   289        SH:  5    Dex: 15    Spells: 7/7 levels left

rFire    . . .     SeeInvis .   z - +1 short sword (drain)
rCold    . . .     Faith    .   (no shield)
rNeg     + . .     Spirit   .   b - +0 leather armour
rPois    .         Reflect  +   (no helmet)
rElec    .         Harm     .   l - +2 cloak
rCorr    .         Rampage  .   (no gloves)
Will     .....                  (no boots)
Stlth    +.........             r - amulet of reflection
HPRegen  0.19/turn              h - ring of positive energy
MPRegen  0.11/turn              (no ring)

@: no status effects
A: no striking features
a: Renounce Religion, Potion Petition, Call Merchant, Bribe Branch


You were on level 6 of the Dungeon.
You worshipped Gozag.
Gozag was aware of your devotion.
You visited 2 branches of the dungeon, and saw 7 of its levels.
You also visited: Sewer.

You collected 339 gold pieces.
You paid 50 gold pieces to Gozag.

Inventory:

Hand Weapons
 p - a +0 dagger
 y - a +0 dagger of freezing
 z - a +1 short sword of draining (weapon)
Missiles
 o - 32 poisoned darts
 A - a curare-tipped dart (quivered)
Armour
 b - a +0 leather armour (worn)
 l - a +2 cloak (worn)
Jewellery
 h - a ring of positive energy (left hand)
 r - an amulet of reflection (around neck)
Wands
 d - a wand of charming (3)
Scrolls
 a - 2 scrolls of blinking {unknown}
 f - 4 scrolls of immolation {unknown}
 g - 2 scrolls of acquirement {unknown}
 j - 3 scrolls of enchant weapon {unknown}
 k - a scroll of vulnerability {unknown}
 m - 2 scrolls of teleportation {unknown}
 q - a scroll of holy word {unknown}
 s - a scroll of amnesia {unknown}
 t - 3 scrolls of silence
 C - 2 scrolls of identify {unknown}
 E - a scroll of noise {unknown}
 G - a scroll of enchant armour {unknown}
Potions
 c - a potion of experience {unknown}
 i - 4 potions of resistance {unknown}
 n - 3 potions of heal wounds
 u - a potion of might {unknown}
 v - a potion of invisibility {unknown}
 w - 3 potions of mutation {unknown}
 x - 2 potions of brilliance {unknown}
 B - a potion of lignification {unknown}
 D - a potion of attraction {unknown}
 F - 3 potions of curing {unknown}
Miscellaneous
 e - a piece from Xom's chessboard (15/15)


   Skills:
 + Level 3.5 Fighting
 + Level 5.6 Short Blades
 - Level 2.0 Armour
 + Level 4.2 Dodging
 - Level 1.0 Stealth
 + Level 2.0 Shields
 + Level 5.0 Evocations


You had 7 spell levels left.
You didn't know any spells.
Your spell library contained the following spells:

 Spells                   Type           Power      Damage    Failure   Level
 Portal Projectile        Hex/Tloc       0%         N/A       77%         3
 Blade Hands              Tmut           0%         N/A       100%        5
 Excruciating Wounds      Necr           0%         N/A       100%        5


Dungeon Overview and Level Annotations

Branches:
Dungeon (6/15)             Temple (1/1) D:5           Sewer (visited)

Altars:
Ashenzari
Cheibriados
Elyvilon
Gozag
Kikubaaqudgha
Ru
Wu Jian
Xom

Annotations:
D:3 Sigmund
D:4 3 runed translucent doors, exclusion: 3 doors, Vivir's ghost, novice DDFi
D:6 2 transporters, Terracrafty's ghost, novice PaFi


Message History

The wyvern zombie is lightly damaged.
The wyvern zombie bites you.
You barely miss the wyvern zombie.
The wyvern zombie is lightly damaged.
You block the wyvern zombie's attack.
You hit the wyvern zombie.
The wyvern zombie is moderately damaged.
The wyvern zombie bites you.
You hit the wyvern zombie.
The wyvern zombie is moderately damaged.
The wyvern zombie closely misses you.
You hit the wyvern zombie.
The wyvern zombie is moderately damaged.
The wyvern zombie barely misses you.
You hit the wyvern zombie.
The wyvern zombie is moderately damaged.
You block the wyvern zombie's attack.
You hit the wyvern zombie.
The wyvern zombie is heavily damaged.
The wyvern zombie bites you!
You hit the wyvern zombie but do no damage.
The wyvern zombie is heavily damaged.
The wyvern zombie bites you!
You hit the wyvern zombie.
The wyvern zombie is heavily damaged.
The wyvern zombie bites you! The wyvern zombie bites you.
* * * LOW HITPOINT WARNING * * *
You hit the wyvern zombie.
The wyvern zombie is severely damaged.
The wyvern zombie bites you!
* * * LOW HITPOINT WARNING * * *
You hit the wyvern zombie.
The wyvern zombie is severely damaged.
The wyvern zombie closely misses you.
You hit the wyvern zombie.
The wyvern zombie is severely damaged.
The scorpion stings you but does no damage.
The wyvern zombie bites you!
You die...
Your body crumbles into a pile of gold.

.... #.... #.)..
.... #..# ##..# ..
###Z.# #.. #..@#
#... ##.s## #... ..
#.>.# ##..# #....
##...###..# .<^..
##.........# #....
#.........####...#
......>......###...#
..
..................#
...
.................##
#...


You could see a scorpion and a wyvern zombie.

Vanquished Creatures
  A sky beast (D:5)
  A necrophage (D:4)
  A black bear (D:5)
  A gnoll sergeant (D:4)
  An ogre (D:4)
  A kobold brigand (Sewer)
  A water moccasin zombie (D:5)
  A water moccasin skeleton (D:5)
  A centaur zombie (D:5)
  A centaur skeleton (D:5)
  2 hounds
  An orc priest (D:6)
  A bullfrog zombie (D:5)
  A bullfrog skeleton (D:4)
  2 orc wizards (D:6)
  3 adders
  A white imp (D:5)
  2 adder skeletons (D:4)
  A worm (D:2)
  9 orcs
  5 bats
  9 endoplasms
  7 giant cockroaches
  8 goblins
  5 hobgoblins
  2 jackals (D:5)
  10 quokkas
  12 ball pythons
  3 frilled lizards
  17 kobolds
  7 rats
118 creatures vanquished.

Vanquished Creatures (collateral kills)
  An iguana (D:4)
  3 gnolls (D:4)
  A goblin (D:4)
  A kobold (Sewer)
6 creatures vanquished.

Vanquished Creatures (others)
  A kobold brigand (Sewer)
  A gnoll (D:4)
  6 plants
8 creatures vanquished.

Grand Total: 132 creatures vanquished

Notes
Turn   | Place    | Note
-------+----------+-------------------------------------------
     0 | D:1      | H0rd4k the Human Artificer began the quest for the Orb.
     0 | D:1      | Reached XP level 1. HP: 15/15 MP: 1/1
   319 | D:1      | Reached XP level 2. HP: 21/21 MP: 2/2
   701 | D:1      | You fall into a shaft and drop 1 floor!
  1230 | D:2      | Reached XP level 3. HP: 15/26 MP: 3/3
  2711 | D:2      | Reached XP level 4. HP: 30/32 MP: 4/4
  3628 | D:3      | Noticed Sigmund
  3900 | D:4      | Noticed an ogre
  3905 | D:4      | Killed an ogre
  3906 | D:4      | Reached skill level 1 in Short Blades
  3906 | D:4      | Reached XP level 5. HP: 32/38 MP: 5/5
  4212 | D:4      | Found a glowing drain.
  4254 | Sewer    | Entered a sewer
  4761 | Sewer    | Reached XP level 6. HP: 44/44 MP: 6/6
  5081 | Sewer    | Reached skill level 1 in Shields
  5610 | D:4      | Noticed a necrophage
  5790 | D:4      | Killed a necrophage
  5791 | D:4      | Reached XP level 7. HP: 30/51 MP: 7/7
  5978 | D:4      | You fall into a shaft and drop 1 floor!
  5978 | D:5      | Entered Level 5 of the Dungeon
  6204 | D:4      | Found a runed translucent gate.
  6205 | D:4      | Found a runed translucent gate.
  6206 | D:4      | Found a runed translucent gate.
  6207 | D:4      | Noticed Vivir's ghost (novice DDFi)
  6557 | D:5      | Found a staircase to the Ecumenical Temple.
  6570 | Temple   | Entered the Ecumenical Temple
  6715 | Temple   | Became a worshipper of Gozag Ym Sagoz the Greedy
  6810 | D:5      | Reached skill level 5 in Evocations
  6879 | D:5      | Reached XP level 8. HP: 55/58 MP: 8/8
  7715 | D:6      | Found a transporter.
  7726 | D:6      | Noticed Terracrafty's ghost (novice PaFi)
  7735 | D:6      | Found a transporter.
  7746 | D:6      | Reached skill level 5 in Short Blades
  8051 | D:6      | Slain by a wyvern zombie

Illustrated notes

Levels and vault maps discovered:
D:1:      onia_arrival_pyramid, layout_loops_ring
D:2:      layout_loops_corners, minmay_crystal_water, serial_bayou_pond_b,
          minmay_tromino_v4_c
D:3:      layout_basic, serial_shops, nicolae_shop_stone,
          kennysheep_generic_room_11, uniq_natasha, uniq_sigmund
D:4:      layout_basic, serial_rivers, chequers_serial_rivers_micro_b,
          chequers_serial_rivers_room_b, chequers_serial_rivers_room_b,
          chequers_serial_rivers_micro_e, chequers_serial_rivers_micro_d,
          chequers_serial_rivers_large_b, gammafunk_ghost_necromancy,
          gup_sewer_entry_pipe
D:5:      layout_gridville, minmay_temple_entry_mini_moons
D:6:      layout_layer_cave, lemuel_round_altar, gammafunk_ghost_stat_death
Temple:   nicolae_temple_figure_eight

Skill      XL: |  1  2  3  4  5  6  7  8 |
---------------+-------------------------+-----
Evocations     | 4 5 |  5.0
Fighting       | 2 3 |  3.5
Short Blades   | 1 2 3 4 5 |  5.6
Dodging        | 2 3 4 |  4.2
Shields        | 1 2 |  2.0
Armour         | |  2.0
Stealth        | |  1.0

Action                   |  1- 3 |  4- 6 |  7- 9 || total
-------------------------+-------+-------+-------++-------
Melee: Club              |   117 |       |       ||   117
       Dagger            |    31 |   314 |       ||   345
       Short sword       |       |    41 |   179 ||   220
Throw: Dart              |       |       |     1 ||     1
Evoke: Wand              |     9 |    12 |     6 ||    27
       Piece from Xom's  |       |     2 |       ||     2
  Use: Scroll            |       |     1 |       ||     1
       Potion            |       |     1 |       ||     1
 Stab: Sleeping          |     5 |     1 |     1 ||     7
       Distracted        |       |     1 |       ||     1
       Betrayed ally     |       |       |     1 ||     1
Armor: Leather armour    |    44 |    63 |    53 ||   160
Dodge: Dodged            |    86 |   203 |    88 ||   377
Block: Other             |       |    68 |    31 ||    99
       Reflection        |       |     3 |       ||     3
